 Dungeon Crawl Stone Soup version 0.17-a0-1939-ga475588 (webtiles) character file.

832 tp1 the Protected (level 7, -6/41 HPs)
             Began as a Gargoyle Berserker on Sept 29, 2015.
             Was a Believer of Trog.
             Mangled by a hill giant
             ... wielding a +0 giant club
              (29 damage)
             ... on level 5 of the Dungeon.
             The game lasted 00:23:59 (3049 turns).

tp1 the Protected (Gargoyle Berserker)              Turns: 3049, Time: 00:23:59

Health: -6/41      AC: 13    Str: 23    XL:     7   Next: 98%
Magic:  7/7        EV: 11    Int:  7    God:    Trog [**....]
Gold:   12         SH:  0    Dex:  9    Spells: 0 memorised, 6 levels left

rFire  . . .     SeeInvis .     k - +0 war axe
rCold  . . .     Clarity  .     y - +0 ring mail
rNeg   + . .     SustAt   .     (no shield)
rPois  ∞         Gourm    .     A - +0 helmet
rElec  +         Spirit   .     (no cloak)
rCorr  .         Warding  .     (no gloves)
rMut   .         Stasis   .     (no boots)
MR     .....                    (no amulet)
Stlth  ..........               (no ring)
                                (no ring)

@: exhausted, slowed, very slow, not resistant to hostile enchantments,
extremely unstealthy
A: negative energy resistance 1, electricity resistance, unbreathing,
petrification resistance, rot immunity, AC +4
a: Burn Spellbooks, Berserk, Trog's Hand, Renounce Religion


You were on level 5 of the Dungeon.
You worshipped Trog.
Trog was pleased with you.
You were very hungry.

You visited 1 branch of the dungeon, and saw 5 of its levels.

You collected 206 gold pieces.
You spent 194 gold pieces at shops.

Inventory:

Hand weapons
 a - a +0 hand axe
 k - a +0 war axe (weapon)
 l - a +0 hand axe
Armour
 q - a +0 ring mail
 y - a +0 ring mail (worn)
 A - a +0 helmet (worn)
Jewellery
 m - a +2 ring of intelligence {unknown}
Magical devices
 d - a wand of fireball (7)
 v - a wand of confusion (18)
Scrolls
 b - 2 scrolls of remove curse {unknown}
 e - 6 scrolls of enchant armour
 g - 6 scrolls of identify {unknown}
 h - 2 scrolls of amnesia {unknown}
 n - a scroll of enchant weapon {unknown}
 B - a scroll of teleportation {unknown}
 E - a scroll of fog {unknown}
Potions
 f - 2 potions of agility {unknown}
 j - 3 potions of might {unknown}
 o - a potion of flight {unknown}
 p - 3 potions of curing {unknown}
 r - a potion of resistance {unknown}
 s - a potion of mutation {unknown}
 t - a potion of lignification {unknown}
 u - 4 potions of poison {unknown}
 x - a potion of cancellation {unknown}
 C - a potion of invisibility {unknown}
Comestibles
 c - a bread ration
 i - a royal jelly
 w - 2 slices of pizza
 z - a beef jerky


   Skills:
 - Level 3.2 Fighting
 + Level 4.5 Axes
 * Level 8.7 Armour
 - Level 1.5 Dodging


You had 6 spell levels left.
You didn't know any spells.

Dungeon Overview and Level Annotations

Branches:
Dungeon (5/15)             Temple (0/1) D:4

Altars:
Okawaru
The Shining One

Shops:
D:5 ?


Innate Abilities, Weirdness & Mutations

You are resistant to torment.
Your stone body is resilient (AC +4).
You are immune to poison.
You resist negative energy.
You are resistant to electric shocks.
You can survive without breathing.
You are immune to petrification.
You are immune to rotting.


Message History

The jackal is severely wounded.
The jackal bites you but does no damage. x2
The hill giant barely misses you. The jackal barely misses you.
You hit the hill giant.
The hill giant is lightly wounded.
You closely miss the orc. You closely miss the jackal.
The jackal is severely wounded.
The jackal barely misses you. The hill giant barely misses you.
The jackal closely misses you. The orc barely misses you.
The jackal bites you but does no damage.
The hill giant closely misses you. The orc hits you but does no damage.
You barely miss the hill giant. You hit the jackal but do no damage.
The jackal is severely wounded.
You slash the orc!
The orc is almost dead.
The jackal closely misses you. The orc barely misses you.
The jackal barely misses you.
The hill giant hits you with a giant club!!
Ouch! That really hurt!
You die...

########## #.(....()#
#.######.# #.# ####.####
#######.# #..†....#
......#.###.......#
######......†..@C...########
>......∩...##.ho)...........
######..#..##.......#######.
#..#..##.......#
#(.#..##.......#
#.....###.###### #.###.##...
#.# #.#.#.# #######.#.....


You could see a hill giant, an orc and a jackal.

Vanquished Creatures
  Grinder (D:4)
  2 ogres
  A scorpion (D:5)
  A crimson imp (D:5)
  2 hounds (D:5)
  An iguana (D:4)
  An orc priest (D:5)
  Jessica (D:3)
  Natasha (thrice) (D:2)
  2 worker ants (D:4)
  4 adders
  A shadow imp (D:5)
  3 gnolls (D:3)
  2 worms
  4 giant geckos
  4 orcs
  8 bats
  3 goblins
  10 hobgoblins
  10 jackals
  4 quokkas
  3 giant cockroaches
  5 giant newts
  7 kobolds
  8 rats
91 creatures vanquished.

Notes
Turn   | Place    | Note
--------------------------------------------------------------
     0 | D:1      | tp1 the Gargoyle Berserker began the quest for the Orb.
     0 | D:1      | Reached XP level 1. HP: 14/14 MP: 1/1
   111 | D:1      | Reached XP level 2. HP: 14/19 MP: 2/2
   379 | D:1      | Acquired Trog's second power
   394 | D:1      | Reached XP level 3. HP: 14/23 MP: 3/3
   683 | D:2      | Reached skill level 4 in Armour
   703 | D:2      | Noticed Natasha
   714 | D:2      | Killed Natasha
   789 | D:2      | Reached XP level 4. HP: 26/28 MP: 4/4
   884 | D:2      | Noticed Natasha
   900 | D:2      | Killed Natasha
   900 | D:2      | Reached skill level 5 in Armour
  1116 | D:2      | Noticed Natasha
  1123 | D:2      | Killed Natasha
  1535 | D:2      | Found a faded altar to an unknown god.
  1654 | D:3      | Noticed Jessica
  1661 | D:3      | Killed Jessica
  1661 | D:3      | Reached XP level 5. HP: 32/32 MP: 5/5
  1734 | D:3      | Reached skill level 6 in Armour
  2078 | D:3      | Found a glowing golden altar of the Shining One.
  2359 | D:3      | Noticed an ogre
  2364 | D:3      | Killed an ogre
  2364 | D:3      | Reached XP level 6. HP: 37/37 MP: 6/6
  2492 | D:4      | Reached skill level 7 in Armour
  2620 | D:4      | Found a staircase to the Ecumenical Temple.
  2625 | D:4      | Noticed Grinder
  2634 | D:4      | Paralysed by Grinder for 4 turns
  2672 | D:4      | Paralysed by Grinder for 4 turns
  2874 | D:4      | Found an iron altar of Okawaru.
  2889 | D:4      | Paralysed by Grinder for 4 turns
  2901 | D:4      | Paralysed by Grinder for 4 turns
  2906 | D:4      | Killed Grinder
  2906 | D:4      | Reached XP level 7. HP: 41/41 MP: 7/7
  2966 | D:5      | Entered Level 5 of the Dungeon
  2970 | D:5      | Found Wuoza's Magic Scroll Boutique.
  2978 | D:5      | Bought a scroll of enchant armour for 97 gold pieces
  2978 | D:5      | Bought a scroll of enchant armour for 97 gold pieces
  2990 | D:5      | Reached skill level 8 in Armour
  3042 | D:5      | Noticed a hill giant
  3049 | D:5      | Mangled by a hill giant

Vault maps used:
D:1:      wheals_arrival_linesprint
D:2:      ecumenical_altar_1, uniq_natasha
D:3:      lemuel_round_altar, first_bread, wad_floor_pattern_untrapped,
          uniq_jessica
D:4:      zin_academy, minmay_temple_entry_statues, okawaru_metal_pillars_1_2,
          uniq_grinder
D:5:      minmay_opposing_rooms, serial_shops, shop

Action                   |  1- 3 |  4- 6 |  7- 9 || total
-------------------------+-------+-------+-------++-------
Melee: Hand axe          |    75 |    54 |       ||   129
       War axe           |       |   131 |    44 ||   175
Invok: Berserk           |     3 |     9 |     1 ||    13
       Trog's Hand       |     1 |     5 |     1 ||     7
  Eat: Chunk             |     3 |    12 |     1 ||    16
       Bread ration      |       |     1 |       ||     1
